Map: Nightshade LE

Players

soO - Winner!

  • Race: Zerg Zerg
  • Spawn Location: 11:00

DPGCure (Cure)

  • Race: Terran Terran
  • Spawn Location: 5:00

Event: StayAtHomestory Cup #1

VOD

Have the link to the VOD?

Description

Time

  • Played on: April 11, 2020, 11:17 a.m.
  • Length: 15:58

All games in this series

Show
View Real Time Build Order
Export as new Build Order

soO Zerg - Winner!

Build Orders: Hatch First 

Get SALT Encoding   

  12  0:00  Drone  
  13  0:12  Overlord  
  13  0:17  Drone  
  14  0:30  Drone x2  
  16  0:47  Hatchery  
  15  0:51  Drone  
  15  0:55  Drone  
  17  0:58  Drone  
  18  1:09  Extractor  
  17  1:13  Spawning Pool  
  17  1:16  Drone  
  17  1:19  Drone  
  18  1:28  Drone  
  19  1:38  Drone  
  20  1:48  Overlord  
  20  1:59  Queen x2  
  20  2:00  Zergling x4  
  26  2:10  Drone x2  
  28  2:19  Metabolic Boost  
  28  2:20  Drone  
  28  2:21  Drone  
  30  2:34  Hatchery  
  30  2:35  Drone  
  29  2:38  Drone  
  30  2:44  Queen  
  30  2:49  Overlord  
  32  2:52  Drone  
  32  2:56  Drone x2  
  35  3:11  Drone x2  
  35  3:12  Drone x3  
  40  3:18  Overlord  
  40  3:20  Queen  
  40  3:21  Drone  
  43  3:36  Drone x3  
  46  3:43  Drone x3  
  46  3:47  Queen, Overlord  
  51  3:53  Drone x2  
  53  4:00  Queen, Overlord  
  53  4:02  Lair  
  55  4:03  Drone x2  
  55  4:06  Drone  
  55  4:07  Drone x2  
  55  4:09  Extractor x2  
  58  4:12  Drone x2  
  58  4:14  Zergling x2  
  58  4:15  Zergling x4  
  63  4:23  Baneling Nest  
  62  4:27  Zergling x4  
  62  4:30  Overlord  
  64  4:32  Spore Crawler, Drone x2  
  64  4:34  Spore Crawler x2  
  64  4:35  Drone  
  64  4:36  Drone  
  65  4:39  Drone x2  
  65  4:42  Drone  
  65  4:44  Drone x2  
  70  4:50  Drone x4  
  74  4:54  Queen  
  74  4:56  Drone  
  77  5:00  Overseer  
  77  5:01  Drone x2  
  78  5:08  Drone x3  
  81  5:17  Centrifical Hooks  
  81  5:20  Evolution Chamber  
  80  5:21  Evolution Chamber  
  80  5:23  Drone  
  80  5:24  Extractor, Drone  
  80  5:27  Drone  
  81  5:32  Overlord  
  81  5:36  Overlord  
  81  5:43  Overlord  
  81  5:46  Zerg Ground Armor Level 1, Zerg Melee Weapons Level 1  
  81  5:50  Hatchery  
  81  5:52  Drone x3  
  81  5:54  Drone  
  84  5:57  Drone x2  
  84  5:58  Drone x2  
  84  6:00  Drone x3  
  84  6:03  Drone x2  
  92  6:07  Zergling x2  
  92  6:08  Zergling x4  
  92  6:10  Drone x2  
  90  6:14  Drone x2  
  91  6:23  Hatchery  
  91  6:25  Zergling x10  
  94  6:30  Drone x2  
  96  6:45  Zergling x12  
  96  6:46  Hatchery  
  101  6:52  Baneling x8, Overlord  
  101  6:54  Overlord  
  101  6:57  Zergling x10  
  101  7:00  Overlord  
  106  7:02  Zergling x2  
  106  7:03  Zergling x8  
  106  7:08  Zergling x2  
  108  7:16  Zergling x6  
  108  7:23  Zergling x14  
  108  7:26  Baneling x4  
  115  7:31  Zergling x12  
  120  7:47  Zergling x12, Zerg Melee Weapons Level 2, Zerg Ground Armor Level 2  
  120  7:50  Baneling x8  
  117  7:54  Drone x10  
  117  7:56  Baneling  
  117  7:57  Baneling x3  
  127  7:59  Zergling x2  
  127  8:00  Zergling x4  
  127  8:01  Baneling x5  
  127  8:03  Baneling x5  
  114  8:16  Zergling x8  
  114  8:19  Zergling x30  
  123  8:26  Zergling x12  
  129  8:29  Overlord  
  129  8:34  Zergling x4  
  129  8:35  Overlord  
  129  8:36  Overlord  
  129  8:41  Overlord  
  129  8:43  Overlord  
  129  8:46  Baneling x8  
  129  8:50  Baneling x9  
  129  8:51  Zergling x12  
  129  8:52  Hatchery  
  134  8:56  Infestation Pit  
  134  8:57  Zergling x6  
  136  9:07  Zergling x32, Overseer  
  142  9:19  Hatchery  
  142  9:24  Baneling x12  
  139  9:37  Hive  
  137  9:38  Zergling x2  
  137  9:39  Zergling x32  
  154  9:46  Overlord x2  
  154  9:47  Pneumatized Carapace  
  154  9:50  Extractor  
  153  9:56  Zergling x20  
  153  9:57  Drone x4  
  153  9:58  Drone x3  
  169  10:13  Zergling x22  
  177  10:25  Hatchery  
  176  10:30  Zergling x24  
  188  10:39  Drone  
  166  10:59  Drone x4  
  166  11:03  Zergling x26  
  166  11:04  Zergling x14  
  185  11:07  Baneling x9  
  185  11:10  Drone x2  
  187  11:15  Spore Crawler, Zerg Ground Armor Level 3, Zerg Melee Weapons Level 3  
  187  11:16  Adrenal Glands  
  187  11:17  Ultralisk Cavern  
  185  11:20  Zergling x16  
  185  11:23  Drone  
  185  11:25  Overlord  
  194  11:26  Overseer  
  194  11:35  Baneling x3  
  194  11:36  Overlord  
  194  11:38  Spire  
  194  11:39  Extractor  
  165  11:47  Drone  
  165  11:49  Drone x2  
  165  11:51  Zergling x28  
  165  11:52  Zergling x14  
  186  12:04  Zergling x28  
  186  12:06  Baneling x11  
  199  12:13  Zergling x4  
  199  12:14  Zergling x10  
  200  12:16  Chitinous Plating  
  194  12:31  Baneling x4  
  194  12:32  Baneling  
  191  12:43  Ultralisk  
  180  12:53  Zergling x30  
  183  13:05  Drone x8  
  189  13:06  Zergling x8  
  189  13:07  Zergling x8  
  189  13:08  Corruptor  
  189  13:12  Zerg Flyer Weapons Level 1  
  199  13:13  Baneling x2  
  199  13:14  Baneling x11  
  199  13:17  Spore Crawler, Drone x2  
  199  13:18  Baneling x2  
  169  13:42  Zergling x16  
  169  13:43  Zergling x10  
  169  13:48  Zergling x28  
  175  13:51  Ultralisk Cavern  
  168  14:11  Zergling x18  
  168  14:12  Corruptor x6  
  168  14:14  Baneling x12  
  194  14:17  Drone  
  194  14:19  Baneling x4  
  194  14:23  Extractor  
  188  14:24  Zergling x22  
  189  14:36  Drone x3  
  188  14:41  Anabolic Synthesis  
  187  14:51  Baneling x14  
  187  14:52  Zergling x22  
  198  14:53  Zergling x4  
  197  15:05  Zergling x12  
  197  15:06  Zergling x28  
  196  15:12  Zergling x16  
  197  15:17  Zergling x4  
  197  15:20  Zergling x2  
  199  15:26  Zergling x6  
  189  15:30  Zergling x24  
  187  15:37  Zergling x10  
  187  15:39  Zergling x6  
  187  15:40  Zergling x4  
Show
View Real Time Build Order
Export as new Build Order

DPGCure Terran 

Build Orders: Reaper Expand, Hellion Banshee 

Get SALT Encoding   

  12  0:00  SCV  
  13  0:12  SCV  
  14  0:16  Supply Depot  
  14  0:25  SCV  
  15  0:38  SCV  
  15  0:39  Barracks  
  16  0:42  Refinery  
  16  0:50  SCV  
  17  1:02  SCV  
  18  1:14  SCV  
  19  1:26  Orbital Command, Reaper  
  20  1:39  Command Center  
  20  1:47  Supply Depot  
  20  1:52  SCV  
  21  1:58  Marine  
  22  2:04  SCV  
  23  2:10  Factory  
  23  2:16  SCV  
  23  2:18  Refinery  
  23  2:20  Barracks Reactor  
  24  2:28  SCV  
  25  2:40  SCV  
  26  2:50  Orbital Command  
  26  2:52  SCV  
  26  2:55  Starport  
  27  3:01  Hellion x2  
  27  3:02  Barracks Tech Lab  
  27  3:04  SCV  
  32  3:18  SCV x2  
  34  3:22  Hellion  
  34  3:23  Supply Depot, Hellion  
  38  3:30  SCV x2  
  38  3:32  Marine  
  41  3:39  Cloaking Field, Banshee  
  44  3:42  SCV x2  
  44  3:48  Hellion x2  
  50  3:52  Supply Depot  
  50  3:53  Barracks Tech Lab  
  50  3:58  SCV x2  
  52  4:10  SCV x2  
  52  4:15  Command Center  
  54  4:22  Marine, Stimpack, Banshee  
  58  4:25  SCV x2  
  58  4:29  Supply Depot  
  60  4:36  Factory Reactor  
  60  4:37  SCV x2  
  62  4:48  Supply Depot, Barracks  
  62  4:50  Marine  
  62  4:51  SCV x2, Barracks  
  65  4:58  Engineering Bay  
  65  4:59  Engineering Bay  
  65  5:03  SCV x2  
  67  5:07  Refinery  
  67  5:08  Marine, Refinery  
  68  5:15  SCV x2  
  70  5:22  Starport Reactor  
  70  5:26  Terran Infantry Weapons Level 1, Terran Infantry Armor Level 1  
  70  5:27  SCV x2, Orbital Command  
  72  5:31  Marine  
  73  5:37  Marine x2  
  73  5:39  SCV x2, Siege Tank  
  80  5:43  Supply Depot  
  80  5:44  Marine x2  
  80  5:49  Marine  
  83  5:51  SCV x2, Orbital Command  
  83  5:54  Marine x2  
  87  5:59  Medivac  
  87  6:00  Medivac  
  87  6:03  SCV x2  
  93  6:10  Marine x3  
  95  6:12  Marine x2  
  95  6:15  SCV x2, Siege Tank  
  95  6:18  SCV  
  100  6:19  Supply Depot  
  100  6:27  Marine  
  100  6:29  Marine x2  
  100  6:30  Marine  
  101  6:34  Supply Depot  
  101  6:35  Supply Depot  
  101  6:36  Barracks x2, Armory  
  101  6:38  Supply Depot  
  101  6:39  Combat Shield  
  101  6:40  Marine  
  101  6:41  SCV x3  
  105  6:50  Marine x4  
  109  6:56  Siege Tank  
  109  6:58  Marine  
  113  7:02  SCV x3  
  113  7:08  Marine x4  
  118  7:14  SCV x3  
  120  7:16  Marine  
  120  7:18  Medivac x2  
  125  7:23  Supply Depot, Terran Infantry Weapons Level 2, Terran Infantry Armor Level 2  
  125  7:25  Supply Depot  
  125  7:26  SCV x2  
  125  7:27  Marine x3  
  125  7:29  Barracks Reactor  
  130  7:32  Barracks Reactor  
  130  7:33  Marine  
  130  7:34  Marine  
  130  7:37  Refinery  
  132  7:38  Refinery  
  132  7:45  Marine  
  132  7:47  Marine x2  
  132  7:50  Medivac  
  132  7:51  Marine  
  127  7:52  Marine  
  127  7:57  SCV  
  127  7:58  SCV x2  
  129  8:02  Marine, Siege Tank  
  129  8:04  Marine x2  
  135  8:08  Marine  
  135  8:10  Marine  
  128  8:15  Marine x2  
  128  8:16  Marine x2  
  128  8:17  Medivac  
  119  8:20  Marine, SCV x2, Medivac  
  119  8:22  Marine x2  
  119  8:26  Marine  
  127  8:27  Marine  
  127  8:29  Command Center  
  127  8:33  Marine x2  
  130  8:34  Siege Tank  
  130  8:37  Marine x2  
  130  8:38  Marine  
  130  8:39  Factory  
  130  8:40  Marine  
  134  8:54  Marine x4  
  134  8:55  Marine x2  
  139  8:56  Marine x2, Drilling Claws  
  139  8:57  Supply Depot, Medivac x2  
  139  8:58  Supply Depot  
  139  9:00  Terran Vehicle And Ship Armor Level 1  
  146  9:03  Marine  
  146  9:07  Widow Mine  
  149  9:13  Marine x4, Sensor Tower  
  148  9:23  SCV x3  
  148  9:24  Factory Reactor  
  139  9:35  SCV  
  139  9:36  Widow Mine  
  140  9:40  Medivac x2  
  140  9:43  Supply Depot x2  
  140  9:44  Barracks x3  
  140  9:45  Supply Depot  
  144  9:54  SCV x3  
  144  9:58  Widow Mine  
  149  10:05  Widow Mine x2, Terran Infantry Weapons Level 3  
  153  10:10  Planetary Fortress  
  151  10:19  Marauder  
  153  10:22  Marine x6  
  153  10:25  Widow Mine  
  161  10:36  Command Center  
  161  10:38  Barracks Tech Lab x2  
  161  10:40  Marauder, Barracks Tech Lab  
  163  10:43  Terran Infantry Armor Level 3  
  163  10:47  Marine x2  
  165  10:55  Widow Mine x3  
  149  11:01  Marauder  
  142  11:06  Marauder x3  
  142  11:08  Marine x4  
  152  11:13  Marine x2  
  152  11:16  Widow Mine x3  
  162  11:19  SCV x3, Refinery  
  162  11:20  Refinery  
  162  11:23  Marauder  
  162  11:24  Terran Vehicle And Ship Armor Level 2  
  163  11:28  Marine x4  
  163  11:29  Marine, Marauder x3  
  163  11:32  Concussive Shells  
  174  11:35  Supply Depot  
  174  11:36  Supply Depot  
  174  11:37  Widow Mine  
  174  11:38  Widow Mine  
  178  11:44  Marine x2  
  178  11:45  Marine, Marauder  
  178  11:46  Marine x3  
  175  11:49  Widow Mine  
  175  11:50  Marauder x2  
  175  11:52  Marine x3  
  182  11:59  Widow Mine x2  
  185  12:04  Barracks  
  185  12:06  Barracks  
  185  12:10  Widow Mine  
  185  12:14  Marine x4, Marauder  
  185  12:15  Marauder  
  181  12:20  Widow Mine x2  
  185  12:24  Marine x3  
  185  12:25  Marine, Marauder x2  
  185  12:32  Marine, Widow Mine  
  185  12:33  Medivac x2  
  185  12:36  Marauder  
  188  12:37  Sensor Tower  
  188  12:42  Widow Mine x2  
  184  12:45  Marine x2  
  184  12:46  Marauder  
  170  12:51  Marine x2  
  170  12:52  Marauder  
  170  12:53  Widow Mine  
  161  12:59  Marine x2, Marauder  
  161  13:03  Widow Mine x2  
  169  13:09  SCV x2  
  169  13:10  SCV x2  
  173  13:15  Widow Mine  
  173  13:17  Barracks Tech Lab x2  
  173  13:18  Marine x4  
  155  13:34  Marine x4  
  155  13:35  Marauder x2  
  155  13:38  SCV x2  
  155  13:39  SCV x2  
  160  13:48  Marine x5, Marauder x3  
  150  13:52  Marine  
  150  13:55  SCV x3  
  138  13:56  SCV  
  138  13:59  Widow Mine  
  137  14:07  SCV x3  
  137  14:09  Planetary Fortress  
  135  14:16  SCV  
  135  14:19  SCV x2  
  135  14:20  Sensor Tower  
  137  14:24  Marine, Marauder x2  
  137  14:25  Marauder x3  
  137  14:29  Widow Mine x3  
  151  14:33  Marine x3, Marauder  
  153  14:43  Marine x2  
  153  14:44  Marine  
  154  14:46  Marauder x3  
  154  14:50  Widow Mine x3  
  154  14:52  Marine x3  
  164  14:53  Marine, Marauder x2  
  164  14:54  Marauder  
  174  15:05  Marine x2  
  174  15:06  Marine x2  
  157  15:07  Marauder x3  
  157  15:10  Marine x3  
  157  15:11  Marine  
  151  15:14  Marauder x2  
  151  15:15  Marine  
  151  15:18  Orbital Command  
  155  15:23  Marine x4  
  155  15:28  Marine x2, Marauder  
  140  15:29  Marauder x2  
  140  15:30  Marine x2  
  140  15:34  Marauder  
  140  15:35  Marine x2  
Tags
 
Add a new tag
Caveats
  • Supply blocks, unpowered buildings, or Contaminate may cause inaccurate times.
  • Supply counts are checked every 10 seconds.